Map: 世界主宰-天梯版

Players

TIME (Oliveira) - Winner!

  • Race: Terran Terran

JieShi

  • Race: Protoss Protoss
  • League: Master

Event: DreamHack SC2 Masters 2021 Summer

VOD

Have the link to the VOD?

Description

Time

  • Played on: May 28, 2021, 7:41 a.m.
  • Length: 5:21

All games in this series

Show
View Real Time Build Order
Export as new Build Order

TIME Terran - Winner!

Build Orders:  

Get SALT Encoding   

  12  0:00  SCV  
  13  0:12  SCV  
  14  0:18  Supply Depot  
  14  0:24  SCV  
  15  0:42  Barracks  
  15  0:51  Barracks  
  15  0:55  SCV  
  16  1:02  Refinery  
  16  1:07  SCV  
  17  1:20  SCV  
  18  1:29  Marine  
  18  1:32  Orbital Command  
  19  1:38  Marine  
  20  1:40  Supply Depot  
  20  1:46  Marine  
  21  1:56  Bunker  
  21  1:58  SCV  
  22  2:01  Marine  
  22  2:06  Marine  
  24  2:10  SCV  
  25  2:19  Marine  
  25  2:26  Marine  
  25  2:32  SCV  
  25  2:37  Marine  
  26  2:38  Factory  
  26  2:44  Marine  
  26  2:46  SCV  
  27  2:54  Marine  
  27  2:58  SCV  
  28  2:59  Supply Depot  
  28  3:02  Marine  
  28  3:10  SCV  
  28  3:13  Marine  
  29  3:24  Widow Mine, Starport  
  29  3:25  Marine  
  29  3:26  Supply Depot  
  31  3:28  SCV  
  31  3:38  Marine  
  31  3:40  SCV  
  33  3:44  Marine  
  33  3:47  Widow Mine  
  31  3:57  Command Center  
  31  4:00  Bunker  
  31  4:01  SCV  
  32  4:05  Medivac  
  34  4:11  Refinery  
  34  4:12  Factory Tech Lab  
  34  4:23  SCV  
  35  4:36  SCV  
  34  4:41  Siege Tank  
  34  4:42  Starport Tech Lab  
  36  4:51  SCV  
  37  4:54  Barracks  
  37  4:57  Barracks  
Show
View Real Time Build Order
Export as new Build Order

JieShi Protoss 

Build Orders: 1 Gate Expand 

Get SALT Encoding   

  12  0:00  Probe  
  13  0:12  Probe  
  14  0:18  Pylon  
  14  0:24  Probe (Chrono Boost)  
  15  0:38  Probe (Chrono Boost), Gateway  
  16  0:44  Probe (Chrono Boost)  
  16  0:46  Assimilator  
  17  0:52  Probe  
  19  1:04  Probe  
  19  1:16  Probe  
  20  1:26  Cybernetics Core  
  20  1:34  Nexus  
  20  1:36  Probe  
  21  1:42  Pylon  
  21  1:51  Assimilator  
  22  1:59  Stalker (Chrono Boost)  
  21  2:02  Probe  
  21  2:05  Warp Gate  
  24  2:15  Shield Battery  
  16  2:35  Probe  
  17  2:46  Stalker (Chrono Boost)  
  17  2:47  Probe  
  19  2:59  Probe  
  20  3:08  Stalker (Chrono Boost)  
  20  3:11  Probe  
  23  3:23  Pylon  
  23  3:33  Probe  
  18  3:45  Probe  
  17  3:51  Gateway  
  15  3:58  Probe  
  16  4:03  Stalker  
  18  4:10  Probe  
  18  4:22  Probe  
  17  4:34  Probe  
  18  4:46  Probe, Stalker x2  
  21  4:58  Probe  
  20  5:11  Adept x2  
Tags
 
Add a new tag
Caveats
  • Supply blocks, unpowered buildings, or Contaminate may cause inaccurate times.
  • Supply counts are checked every 10 seconds.